 Dungeon Crawl Stone Soup version 0.20.1-1-g8b1a95d (webtiles) character file.

81 wnhky the Digger (level 4, -3/25 HPs)
             Began as a Gargoyle Earth Elementalist on Sept 14, 2017.
             Killed by divine providence
             ... invoked by an orc priest
              (12 damage)
             ... on level 3 of the Dungeon.
             The game lasted 00:06:37 (2806 turns).

wnhky the Digger (Gargoyle Earth Elementalist)      Turns: 2806, Time: 00:06:38

Health: -3/25      AC:  6    Str: 12    XL:     4   Next: 42%
Magic:  6/8        EV: 12    Int: 16    God:
Gold:   222        SH:  0    Dex: 10    Spells: 3/9 levels left

rFire    . . .     SeeInvis .   s - +0 club
rCold    . . .     Gourm    .   (no shield)
rNeg     + . .     Faith    .   c - +0 robe
rPois    ∞         Spirit   .   q - +0 helmet
rElec    +         Reflect  .   (no cloak)
rCorr    .         Harm     .   (no gloves)
MR       .....                  (no boots)
Stlth    ++........             (no amulet)
Regen    0.1/turn               (no ring)
MPRegen  0.2/turn               (no ring)

@: no status effects
A: negative energy resistance 1, electricity resistance, unbreathing,
petrification resistance, rot immunity, AC +3
a: no special abilities


You were on level 3 of the Dungeon.
You were hungry.

You visited 1 branch of the dungeon, and saw 3 of its levels.

You collected 222 gold pieces.

Inventory:

Hand Weapons
 s - a +0 club (weapon)
Missiles
 n - 107 stones (quivered)
Armour
 c - a +0 robe (worn)
 q - a +0 helmet (worn)
Jewellery
 b - an uncursed amulet of harm {unknown}
 r - an uncursed amulet of rage {unknown}
Scrolls
 a - 5 scrolls of identify {unknown}
 g - a scroll of teleportation {unknown}
 h - a scroll of immolation {unknown}
 i - 2 scrolls of remove curse {unknown}
 j - 3 scrolls of fog {unknown}
 v - a scroll of blinking {unknown}
Potions
 k - 2 potions of heal wounds {unknown}
 l - 2 potions of agility {unknown}
 m - 2 potions of might {unknown}
 t - 2 potions of curing {unknown}
 u - a potion of lignification {unknown}
Books
 e - a book of Geomancy

   Spells                             Type                      Level
   a - Sandblast                      Earth                        1
   b - Passwall                       Transmutation/Earth          2
   c - Stone Arrow                    Conjuration/Earth            3
   d - Petrify                        Transmutation/Earth          4
   e - Lee's Rapid Deconstruction     Earth                        5
Comestibles
 d - 3 bread rations
 f - 9 fruits
 o - 2 meat rations
 p - a royal jelly


   Skills:
 + Level 1.4 Fighting
 + Level 2.1 Dodging
 - Level 2.1 Stealth
 * Level 3.2 Spellcasting
 - Level 0.7 Transmutations
 * Level 4.1 Earth Magic


You had 3 spell levels left.
You knew the following spells:

 Your Spells              Type           Power        Failure   Level  Hunger
a - Sandblast             Erth           ###...       3%          1    None
b - Passwall              Tmut/Erth      ##........   11%         2    ##.....
c - Stone Arrow           Conj/Erth      #.....       24%         3    ###....


Dungeon Overview and Level Annotations

Branches:
Dungeon (3/15)

Altars:
Nemelex Xobeh


Innate Abilities, Weirdness & Mutations

You are resistant to torment.
Your stone body is resilient. (AC +3)
You are immune to poison.
You resist negative energy. (rN+)
You are resistant to electric shocks. (rElec)
You can survive without breathing.
You are immune to petrification.
You are immune to rotting.


Message History

The bat hits you but does no damage. The kobold barely misses you.
The bat hits you but does no damage.
The orc priest looks braver for a moment.
You closely miss the kobold.
The kobold is severely wounded.
The bat hits you but does no damage. The kobold closely misses you.
The kobold hits you but does no damage.
You barely miss the kobold.
The kobold is severely wounded.
The bat hits you but does no damage. The bat misses you.
The kobold barely misses you.
You miss the kobold.
The kobold is severely wounded.
The bat hits you but does no damage. The kobold hits you.
You closely miss the kobold.
The kobold is severely wounded.
The kobold closely misses you.
The orc priest mumbles some strange prayers to Beogh against you.
Beogh smites you!
You die...

#.......# #.......##
#........## ###
#.......... ##..
#.......#
...#######..#
#...>.o.#
#...........
####.#o##
###...)....# #
#K#####...######.. #
#@....#.#....##...
#.##......#.........
#...................
#..##..............[.
#. #................
# #......#.........
#..!...##...##...
#.....†##########
#......#


You could see an orc priest, an orc and a kobold.

Vanquished Creatures
  Robin (D:2)
  An adder (D:2)
  A worm (D:2)
  A dart slug (D:2)
  3 leopard geckos (D:1)
  An orc (D:3)
  3 giant cockroaches
  16 goblins
  2 hobgoblins
  2 jackals (D:1)
  4 kobolds
  2 quokkas (D:2)
  2 ball pythons
  5 bats
  6 frilled lizards
  4 rats
54 creatures vanquished.

Notes
Turn   | Place    | Note
-------+----------+-------------------------------------------
     0 | D:1      | wnhky the Gargoyle Earth Elementalist began the quest for the Orb.
     0 | D:1      | Reached XP level 1. HP: 10/10 MP: 3/3
   191 | D:1      | Reached XP level 2. HP: 9/16 MP: 0/5
   713 | D:1      | Reached skill level 1 in Fighting
   798 | D:1      | Learned a level 2 spell: Passwall
   852 | D:2      | Reached XP level 3. HP: 20/20 MP: 2/6
  1177 | D:2      | Found a sparkling altar of Nemelex Xobeh.
  1730 | D:2      | Noticed Robin
  2066 | D:2      | Reached XP level 4. HP: 21/25 MP: 8/8
  2179 | D:2      | Reached skill level 4 in Earth Magic
  2203 | D:2      | Killed Robin
  2220 | D:2      | Learned a level 3 spell: Stone Arrow
  2806 | D:3      | Killed from afar by an orc priest

Skill      XL: |  1  2  3  4 |
---------------+-------------+-----
Fighting       | 1 |  1.4
Dodging        | 2 |  2.1
Spellcasting   | 3 |  3.2
Earth Magic    | 4 |  4.1
Stealth        | |  2.1
Transmutations | |  0.7

Action                   |  1- 3 |  4- 6 || total
-------------------------+-------+-------++-------
Melee: Unarmed           |   110 |    28 ||   138
       Club              |       |    23 ||    23
 Cast: Sandblast         |    38 |    16 ||    54
       Passwall          |     2 |       ||     2
 Stab: Sleeping          |     3 |       ||     3
  Eat: Chunk             |     3 |     3 ||     6
Armor: Robe              |    57 |    32 ||    89
Dodge: Dodged            |    97 |    57 ||   154
